Map: Eternal Empire LE

Players

Pliskin - Winner!

  • Race: Protoss Protoss
  • League: Master
  • Spawn Location: 1:00

Osiris

  • Race: Terran Terran
  • League: Diamond
  • Spawn Location: 7:00

VOD

Have the link to the VOD?

Description

Time

  • Played on: April 10, 2020, 5:54 p.m.
  • Length: 5:50
Show
View Real Time Build Order
Export as new Build Order

Pliskin Protoss - Winner!

Build Orders: 1 Gate Expand, Colossus Rush 

Get SALT Encoding   

  12  0:01  Probe  
  13  0:13  Probe  
  14  0:18  Pylon  
  14  0:25  Probe  
  15  0:37  Gateway, Probe (Chrono Boost)  
  16  0:49  Probe (Chrono Boost)  
  17  0:50  Assimilator  
  17  0:53  Probe (Chrono Boost)  
  18  1:03  Probe  
  19  1:26  Nexus  
  19  1:34  Cybernetics Core  
  19  1:42  Assimilator  
  19  1:47  Probe (Chrono Boost)  
  19  1:51  Pylon  
  20  1:59  Probe (Chrono Boost)  
  21  2:04  Probe (Chrono Boost)  
  22  2:08  Adept (Chrono Boost)  
  22  2:12  Warp Gate  
  24  2:15  Probe  
  25  2:28  Probe  
  25  2:29  Robotics Facility  
  26  2:37  Stalker  
  26  2:43  Probe (Chrono Boost)  
  29  2:48  Probe (Chrono Boost)  
  29  2:53  Probe (Chrono Boost)  
  29  2:56  Probe (Chrono Boost)  
  29  2:57  Probe (Chrono Boost)  
  32  3:07  Probe  
  32  3:09  Probe  
  34  3:19  Probe  
  33  3:22  Observer, Pylon  
  33  3:24  Sentry  
  37  3:34  Probe (Chrono Boost)  
  37  3:37  Probe (Chrono Boost)  
  37  3:40  Robotics Bay  
  37  3:43  Observer  
  37  3:44  Probe (Chrono Boost)  
  37  3:47  Gateway  
  39  3:50  Gateway, Probe (Chrono Boost)  
  39  3:52  Pylon  
  40  3:59  Probe (Chrono Boost)  
  40  4:02  Probe (Chrono Boost)  
  43  4:12  Probe (Chrono Boost)  
  43  4:13  Stalker  
  46  4:22  Probe x2 (Chrono Boost)  
  48  4:29  Colossus  
  53  4:36  Probe  
  54  4:39  Assimilator  
  54  4:42  Assimilator  
  54  4:44  Pylon  
  54  4:46  Probe  
  54  4:49  Probe  
  56  4:54  Stalker x3  
  62  5:02  Nexus  
  62  5:04  Pylon  
  62  5:07  Probe (Chrono Boost)  
  62  5:14  Probe (Chrono Boost)  
  64  5:19  Probe (Chrono Boost)  
  66  5:23  Stalker, Probe (Chrono Boost)  
  66  5:24  Stalker  
  70  5:28  Probe  
  70  5:34  Stalker  
Show
View Real Time Build Order
Export as new Build Order

Osiris Terran 

Build Orders: Reaper Expand 

Get SALT Encoding   

  12  0:00  SCV  
  13  0:13  SCV  
  14  0:17  Supply Depot  
  14  0:25  SCV  
  15  0:39  SCV  
  15  0:40  Barracks  
  16  0:43  Refinery  
  16  0:51  SCV  
  17  1:03  SCV  
  18  1:15  SCV  
  19  1:28  Orbital Command, Reaper  
  20  1:48  Command Center  
  20  1:54  SCV  
  21  2:02  Barracks  
  21  2:09  SCV  
  21  2:14  Barracks Reactor  
  22  2:18  Supply Depot  
  22  2:21  SCV  
  23  2:40  SCV  
  23  2:42  Refinery, Factory  
  24  2:49  Barracks Tech Lab  
  24  2:51  Marine x2  
  25  2:52  SCV  
  27  2:59  Orbital Command  
  27  3:04  SCV  
  28  3:14  Marine x2, Stimpack  
  28  3:16  SCV  
  30  3:24  Marine  
  31  3:28  SCV  
  31  3:33  Marine  
  31  3:34  Marine  
  33  3:37  Starport  
  33  3:43  Factory Reactor  
  33  3:46  SCV  
  34  3:49  SCV  
  35  4:01  SCV  
  35  4:02  SCV  
  37  4:10  Marine x2  
  37  4:12  Supply Depot  
  37  4:13  SCV  
  37  4:14  Marauder  
  42  4:17  SCV  
  42  4:22  Supply Depot  
  43  4:25  SCV  
  43  4:29  Marine x2  
  46  4:35  Engineering Bay  
  46  4:36  Medivac x2  
  46  4:37  Supply Depot, Refinery  
  51  4:40  Marauder, SCV  
  51  4:42  SCV  
  54  4:49  Marine x2  
  54  4:50  Factory Tech Lab  
  54  4:52  SCV  
  57  4:55  SCV  
  58  5:03  Marauder  
  58  5:04  SCV  
  58  5:05  Barracks  
  61  5:14  Marine x2  
  63  5:21  SCV  
  63  5:23  Supply Depot  
  67  5:28  Marine, Refinery  
  67  5:29  SCV  
  67  5:33  SCV  
  70  5:40  Supply Depot  
Tags
 
Add a new tag
Caveats
  • Supply blocks, unpowered buildings, or Contaminate may cause inaccurate times.
  • Supply counts are checked every 10 seconds.